 Dungeon Crawl Stone Soup version 0.15.1-3-g1b33baa (webtiles) character file.

413 CrazyArbalest the Covered (level 7, -12/47 HPs)
             Began as a Halfling Fighter on Oct 9, 2014.
             Mangled by an ice beast (13 damage)
             ... on Level 5 of the Dungeon on Oct 10, 2014.
             The game lasted 00:25:39 (5750 turns).

CrazyArbalest the Covered (Halfling Fighter)        Turns: 5750, Time: 00:25:39

HP -12/47        AC  8     Str 16      XL: 7   Next: 14%
MP   7/7         EV 10     Int  9      God:
Gold 200         SH  6     Dex 16      Spells:  0 memorised,  6 levels left

rFire  . . .     SeeInvis .     b - +0 hunting sling
rCold  . . .     Clarity  .     x - +0 scale mail
rNeg   . . .     rCorr    .     c - +0 buckler
rPois  .         rRot     .     (no helmet)
rElec  .         Spirit   .     (no cloak)
SustAb .         Warding  .     C - +0 pair of gloves
rMut   .         Stasis   .     (no boots)
Gourm  +                        g - amulet of the gourmand
MR     .....                    (no ring)
                                (no ring)

@: not resistant to hostile enchantments, extremely unstealthy
A: clever 1, mutation resistance 1
a: no special abilities


You were on level 5 of the Dungeon.
You were completely stuffed.

You visited 1 branch of the dungeon, and saw 5 of its levels.

You collected 200 gold pieces.

Inventory:

Hand weapons
 a - a +0 cutlass
 b - a +0 hunting sling (weapon)
 E - a +0 dagger of protection
 G - a +1 dagger of freezing
 I - a +0 hunting sling
Missiles
 i - 6 sling bullets (quivered)
 m - 124 stones
Armour
 c - a +0 buckler (worn)
 x - a +0 scale mail (worn)
 C - a +0 pair of gloves (worn)
Magical devices
 H - a wand of flame (7)
 J - a wand of frost (16) {unknown}
 P - a wand of cold (3) {unknown}
Comestibles
 d - 4 bread rations
 j - a beef jerky
 q - 2 meat rations
 z - a slice of pizza
 M - a rotting chunk of giant cockroach flesh
 R - 2 chunks of hobgoblin flesh
Scrolls
 h - 2 scrolls of recharging {unknown}
 l - 4 scrolls of remove curse
 n - a scroll of enchant armour {unknown}
 o - 3 scrolls of noise {unknown}
 r - 5 scrolls of identify {unknown}
 s - 4 scrolls of teleportation {unknown}
 u - a scroll of magic mapping {unknown}
 w - 4 scrolls of fog {unknown}
 B - a scroll of fear {unknown}
Jewellery
 g - an amulet of the gourmand (around neck)
 v - an uncursed ring of regeneration
 y - an uncursed amulet of rage
 K - an uncursed ring of positive energy {unknown}
Potions
 e - a potion of might
 f - a potion of haste {unknown}
 k - a potion of mutation
 t - 2 potions of heal wounds {unknown}
 A - a potion of cure mutation {unknown}
 D - a potion of restore abilities {unknown}
 F - a potion of cancellation {unknown}
 N - a potion of beneficial mutation {unknown}
 O - a potion of agility
 Q - a potion of brilliance {unknown}
 S - a potion of lignification {unknown}
Books
 p - a book of Flames

   Spells                             Type                      Level
   Flame Tongue                       Conjuration/Fire             1
   Throw Flame                        Conjuration/Fire             2
   Conjure Flame                      Conjuration/Fire             3
   Inner Flame                        Hexes/Fire                   3
   Sticky Flame                       Conjuration/Fire             4
   Fireball                           Conjuration/Fire             5
 L - a book of Beasts

   Spells                             Type                      Level
   Summon Butterflies                 Summoning                    1
   Call Canine Familiar               Summoning                    3
   Summon Ice Beast                   Ice/Summoning                4
   Summon Mana Viper                  Hexes/Summoning              5
   Monstrous Menagerie                Summoning                    6
   Summon Hydra                       Summoning                    7


   Skills:
 + Level 3.6 Fighting
 + Level 3.5 Short Blades
 * Level 4.0 Slings
 + Level 4.9 Armour
 + Level 2.8 Dodging
 + Level 0.9 Stealth
 + Level 4.2 Shields


You had 6 spell levels left.
You didn't know any spells.

Dungeon Overview and Level Annotations

Branches:
Dungeon (5/15)
 Temple: D:4-7

Altars:
Vehumet
The Shining One


Innate Abilities, Weirdness & Mutations

You are small and have problems with some larger weapons.
You are somewhat resistant to further mutation.
Your mind is acute. (Int +2)


Message History

Fire/throw which item? (* to show all) (? for menu, Esc to quit)
Okay, then.
Unknown command.
Evoke which item? (* to show all) (? for menu, Esc to quit)
Zapping:
H - a wand of flame {zapped: 1}
Press: ? - help, Shift-Dir - straight line, f/p - ice beast
Aim: an ice beast (severely wounded)
The puff of flame hits the ice beast.
The ice beast appears unharmed.
The ice beast is severely wounded.
The ice beast hits you but does no damage.
Evoke which item? (* to show all) (? for menu, Esc to quit)
Zapping:
H - a wand of flame {zapped: 2}
Press: ? - help, Shift-Dir - straight line, f/p - ice beast
Aim: an ice beast (severely wounded)
The puff of flame hits the ice beast.
The ice beast melts!
The ice beast is almost dead.
The ice beast hits you.
* * * LOW HITPOINT WARNING * * *
The ice beast freezes you!
You die...

#......##'##
#..........#
#..........# #
+..........# .# ...
#..........##.##.#.
...
#...................
...#
#.####......#.##...
...###.# #......# #
....##.# ####'#@#
....##.# #.#Y# .
....##.# #.#(# ##..
....'..# #.#.# .....
....####
#.#.##....... ....#
#.#(..Y...... ...##
#.######..... ...#
#.# . ...# #.#


You could see an ice beast.

Vanquished Creatures
  Sigmund (D:4)
  A scorpion (D:4)
  A hound (D:3)
  2 orc wizards
  2 worker ants
  Jessica (D:3)
  4 adders
  A giant mite (D:3)
  A worm (D:3)
  3 giant geckos
  An ooze (D:4)
  6 orcs
  5 bats
  8 giant cockroaches
  11 goblins
  6 hobgoblins
  8 jackals
  3 quokkas
  3 giant newts
  10 kobolds
  3 rats
81 creatures vanquished.

Notes
Turn   | Place    | Note
--------------------------------------------------------------
     0 | D:1      | CrazyArbalest, the Halfling Fighter, began the quest for the Orb.
     0 | D:1      | Reached XP level 1. HP: 15/15 MP: 1/1
   282 | D:1      | Reached XP level 2. HP: 1/20 MP: 2/2
  1616 | D:2      | Reached XP level 3. HP: 26/26 MP: 3/3
  1808 | D:2      | Found a glowing golden altar of the Shining One.
  2339 | D:3      | Reached skill level 1 in Dodging
  2558 | D:3      | Reached XP level 4. HP: 29/31 MP: 4/4
  2676 | D:3      | Noticed Jessica
  2691 | D:3      | Reached skill level 4 in Armour
  2711 | D:3      | Killed Jessica
  2711 | D:3      | Reached XP level 5. HP: 11/36 MP: 5/5
  3207 | D:3      | Gained mutation: Your mind is acute. (Int +2) [potion of mutation]
  3504 | D:3      | Reached XP level 6. HP: 30/42 MP: 6/6
  3720 | D:4      | Got a polished hand axe
  3722 | D:4      | Identified the +8 hand axe "Mnerod" {venom, rN+ SInv} (You found it on level 4 of the Dungeon)
  3883 | D:4      | Reached skill level 1 in Slings
  4268 | D:4      | Noticed Sigmund
  4625 | D:4      | Found a radiant altar of Vehumet.
  4654 | D:4      | HP: 2/43 [worker ant (5)]
  5159 | D:4      | Killed Sigmund
  5159 | D:4      | Reached XP level 7. HP: 13/47 MP: 7/7
  5512 | D:5      | Entered Level 5 of the Dungeon
  5740 | D:5      | HP: 1/47 [ice beast (9)]
  5750 | D:5      | HP: 1/47 [ice beast (2)]
  5750 | D:5      | Mangled by an ice beast

Action                   |  1- 3 |  4- 6 |  7- 9 || total
-------------------------+-------+-------+-------++-------
Melee: Cutlass           |   134 |   141 |       ||   275
       Dagger            |       |    21 |       ||    21
 Fire: Hunting sling     |       |   133 |    42 ||   175
Evoke: Wand              |       |       |     2 ||     2
  Use: Scroll            |     1 |       |       ||     1
       Potion            |       |     4 |       ||     4
  Eat: Chunk             |     7 |    15 |     3 ||    25
